 Dungeon Crawl Stone Soup version 0.30-a0-913-g9934a0ce24 (webtiles) character file.

Game seed: 12143551715244046002

4559 Iniera the Destroyer (level 10, -4/51 HPs)
             Began as a Vine Stalker Conjurer on Mar 20, 2023.
             Was a Follower of Vehumet.
             Killed from afar by a fire crab (10 damage)
             ... with a blast of flame
             ... on level 8 of the Dungeon.
             The game lasted 00:22:23 (8814 turns).

Iniera the Destroyer (Vine Stalker Conjurer)        Turns: 8814, Time: 00:22:24

Health: -4/51      AC:  9    Str: 10    XL:     10   Next: 40%
Magic:  0/21       EV: 12    Int: 22    God:    Vehumet [*.....]
Gold:   525        SH:  7    Dex: 13    Spells: 11/22 levels left

rFire   . . .      SeeInvis .    d - +0 dagger (speed)
rCold   + . .      Faith    .    x - +2 buckler
rNeg    + . .      Spirit   +    b - +2 robe {Will+}
rPois   .          Reflect  .    g - +2 helmet
rElec   .          Rampage  .    k - +1 cloak
rCorr   .                        (no gloves)
Will    ++...                    (no boots)
Stlth   ++                       (no amulet)
HPRegen 1.08/turn                q - ring of positive energy
MPRegen 0.17/turn                a - ring of protection from cold

@: no status effects
A: fangs 3, regeneration 1, magic shield, antimagic bite, no potion heal 2
a: Renounce Religion


You were on level 8 of the Dungeon.
You worshipped Vehumet.
Vehumet was aware of your devotion.
You visited 2 branches of the dungeon, and saw 9 of its levels.
You also visited: Bailey.

You collected 525 gold pieces.

Inventory:

Hand Weapons
 d - a +0 dagger of speed (weapon)
 l - a +2 demon blade of electrocution
Armour
 b - a +2 robe of willpower (worn)
 g - a +2 helmet (worn)
 k - a +1 cloak (worn)
 x - a +2 buckler (worn)
Jewellery
 a - a ring of protection from cold (right hand)
 q - a ring of positive energy (left hand)
Wands
 f - a wand of mindburst (17)
 j - a wand of iceblast (10)
 y - a wand of paralysis (8)
Scrolls
 e - a scroll of blinking
 n - a scroll of noise
 s - a scroll of silence
 v - 2 scrolls of immolation
 w - a scroll of amnesia
Potions
 c - 3 potions of brilliance
 h - 2 potions of haste {unknown}
 i - a potion of attraction {unknown}
 m - 2 potions of might
 o - 2 potions of heal wounds {unknown}
 p - a potion of flight {unknown}
 r - 3 potions of mutation {unknown}
 t - 3 potions of lignification {unknown}
 u - 3 potions of curing {unknown}
 z - a potion of cancellation {unknown}


   Skills:
 + Level 4.3 Fighting
 + Level 3.3 Dodging
 - Level 2.4 Stealth
 - Level 3.9 Shields
 + Level 6.7 Spellcasting
 * Level 9.6 Conjurations
 - Level 5.4 Hexes
 - Level 3.9 Translocations


You had 11 spell levels left.
You knew the following spells:

 Your Spells              Type           Power      Damage    Failure   Level
a - Magic Dart            Conj           100%       1d8       1%          1
b - Searing Ray           Conj           98%        2d8       1%          2
c - Fulminant Prism       Conj/Hex       20%        3d12      4%          4
d - Iskenderun's Mystic   Conj/Tloc      37%        2d9       7%          4

Your spell library contained the following spells:

 Spells                   Type           Power      Damage    Failure   Level
 Sandblast                Erth           14%        2d6       11%         1
 Dazzling Flash           Conj/Hex       80%        N/A       1%          3
 Lesser Beckoning         Tloc           48%        N/A       3%          2
 Gell's Gravitas          Tloc           24%        N/A       6%          3
 Teleport Other           Tloc           24%        N/A       6%          3
 Cigotuvi's Dreadful Rot  Necr/Pois/Air  14%        N/A       16%         2
 Anguish                  Hex/Necr       9%         N/A       34%         4
 Dispel Undead            Necr           7%         3d8       71%         4
 Death Channel            Necr           3%         N/A       100%        6
 Enfeeble                 Hex            15%        N/A       100%        7


Dungeon Overview and Level Annotations

Branches:
Dungeon (8/15)             Temple (1/1) D:7            Lair (0/5) D:8
 Bailey (visited)

Altars:
Ashenzari
Dithmenos
Elyvilon
Fedhas
Hepliaklqana
Makhleb
Nemelex Xobeh
Ru
Sif Muna
Trog
Uskayaw
Vehumet
Wu Jian
Xom
Yredelemnul
Zin
The Shining One

Shops:
D:1 [   D:3 (


Innate Abilities, Weirdness & Mutations

You have razor-sharp teeth.
Your natural rate of healing is unusually fast.
When hurt, damage is shared between your health and your magic reserves.
Your bite disrupts and absorbs the magic of your enemies.
Potions cannot restore your health.


Message History

Your fulminant prism explodes!
The blast of energy engulfs the fire crab!
The fire crab is moderately wounded.
You hear an angry growl.
You hear a howl!
You hear a shout! x3
Casting: Fulminant Prism (dangerous; 4% risk of failure)
Confirm with . or Enter, or press ? or * to list all spells.
You can't see any susceptible monsters within range! (Use Z to cast anyway.) Unknown command.
Unknown command.
Casting: Fulminant Prism (dangerous; 4% risk of failure)
Confirm with . or Enter, or press ? or * to list all spells.
You don't know that spell.
You hear a howl! x2
Casting: Fulminant Prism (dangerous; 4% risk of failure)
Confirm with . or Enter, or press ? or * to list all spells.
You don't know that spell.
Unknown command.
Casting: Fulminant Prism (dangerous; 4% risk of failure)
Confirm with . or Enter, or press ? or * to list all spells.
Aiming: Searing Ray (safe; 1% risk of failure)
Press: ? - help, Shift-Dir - straight line, f - fire crab
Aim: a fire crab (black smoke, moderately wounded, 92% to hit)
The searing ray hits the fire crab.
The fire crab is moderately wounded. (Press . to maintain the ray.)
The searing ray hits the fire crab!
The fire crab is moderately wounded.
The fire crab breathes flames at you.
The blast of flame engulfs you but does no damage.
The searing ray hits the fire crab!
The fire crab is severely wounded.
You are engulfed in blazing flames.
The searing ray hits the fire crab.
The fire crab is severely wounded.
You finish channelling your searing ray.
You are engulfed in blazing flames.
* * * LOW HITPOINT WARNING * * *
The fire crab breathes flames at you. The blast of flame engulfs you!
You die...

...... #... #....# ......#.. #...
#....# ..§...... #.. #....#
..§....... +.. #....# ####
..§§≈≈≈... #.# #....###
...##..§≈≈≈≈≈..##.########<...#
...#....≈.§≈≈..°.........#....#
...#...≈≈.>.≈§°°°°.......#....#
...'...≈§≈≈.§≈.t@°°......#....#
...###..≈≈≈≈.≈.##°##..##.#....###
#........≈≈≈≈. #####..##.###.....
#............ #......+....#.....
#..........# #......#....'.....
#..........# ##..##.###..#.....
....#############..##.####+######
....'...# #>......#............
....#...# +.......#............


You could see a fire crab.

Vanquished Creatures
  An orc knight (Bailey)
  Pikel (D:6)
  Sigmund (D:2)
  Menkaure (D:6)
  Edmund (D:6)
  Duvessa (D:6)
  3 water moccasins
  5 orc warriors
  An ogre (D:5)
  2 sky beasts
  A phantom (D:6)
  4 lemures (D:6)
  A kobold brigand (D:8)
  2 bullfrogs
  4 necrophages (D:5)
  A scorpion (D:6)
  A water moccasin zombie (D:5)
  4 wights (D:7)
  Dowan (D:6)
  4 killer bees (D:7)
  A howler monkey (D:6)
  2 bullfrog zombies (D:5)
  2 orc priests
  2 gnoll boudas (D:5)
  4 jellies
  A sleepcap (D:8)
  7 orc wizards
  Ijyb (D:2)
  Terence (D:2)
  3 iguanas
  13 gnolls (D:5)
  7 adders
  2 shadow imps (D:7)
  6 white imps
  An ufetubus (D:7)
  A dart slug (D:3)
  39 orcs
  7 ball pythons
  3 endoplasms
  4 giant cockroaches
  16 goblins
  5 hobgoblins
  2 quokkas (D:1)
  5 bats
  2 frilled lizards
  17 kobolds
  4 rats
198 creatures vanquished.

Vanquished Creatures (others)
  2 bushes (D:5)
  12 fulminant prisms
  12 plants (D:5)
  A withered plant (D:2)
27 creatures vanquished.

Grand Total: 225 creatures vanquished

Notes
Turn   | Place    | Note
-------+----------+-------------------------------------------
     0 | D:1      | Iniera the Vine Stalker Conjurer began the quest for the
                  | Orb.
     0 | D:1      | Reached XP level 1. HP: 9/9 MP: 4/4
   204 | D:1      | Reached XP level 2. HP: 14/14 MP: 4/6
   378 | D:1      | Learned a level 2 spell: Searing Ray
   404 | D:1      | Found Noovve Doad's Armour Shoppe.
   892 | D:1      | Reached XP level 3. HP: 17/17 MP: 4/7
   894 | D:1      | Reached skill level 1 in Fighting
  1274 | D:2      | Noticed Ijyb
  1353 | D:2      | Killed Ijyb
  1354 | D:2      | Gained mutation: Your natural rate of healing is unusually
                  | fast. [Vine Stalker growth]
  1354 | D:2      | Reached XP level 4. HP: 21/22 MP: 1/9
  1718 | D:2      | Noticed Terence
  1725 | D:2      | Killed Terence
  1726 | D:2      | Reached skill level 5 in Conjurations
  1806 | D:2      | Noticed Sigmund
  1812 | D:2      | Killed Sigmund
  1813 | D:2      | Reached XP level 5. HP: 27/27 MP: 3/11
  1813 | D:2      | Reached XP level 6. HP: 31/31 MP: 3/12
  1928 | D:2      | Found a faded altar of an unknown god.
  2229 | D:3      | Identified the +6 shortbow "Gariuce" {freeze, Dex+3}
  2332 | D:3      | Found Peataiso's Antique Weapon Emporium.
  2510 | D:3      | Reached skill level 6 in Conjurations
  3190 | D:4      | You fall into a shaft and drop 3 floors!
  3190 | D:7      | Found a staircase to the Ecumenical Temple.
  3206 | Temple   | Entered the Ecumenical Temple
  3437 | D:7      | Reached XP level 7. HP: 35/35 MP: 8/14
  3482 | D:7      | Learned a level 4 spell: Fulminant Prism
  3487 | D:7      | Learned a level 4 spell: Iskenderun's Mystic Blast
  3651 | D:6      | Noticed Pikel
  3661 | D:6      | Killed Pikel
  3662 | D:6      | Reached skill level 7 in Conjurations
  3662 | D:6      | Gained mutation: You have razor-sharp teeth. [Vine Stalker
                  | growth]
  3662 | D:6      | Reached XP level 8. HP: 26/39 MP: 7/16
  4138 | D:6      | Reached skill level 5 in Spellcasting
  4292 | D:5      | Entered Level 5 of the Dungeon
  4384 | D:4      | Found a bloodstained altar of Trog.
  4626 | D:4      | Found an ornate altar of the Wu Jian Council.
  4869 | D:5      | Found a blossoming altar of Fedhas.
  4979 | D:5      | Reached skill level 1 in Shields
  4981 | D:5      | Reached skill level 8 in Conjurations
  5623 | D:5      | Found a hazy altar of Hepliaklqana.
  5655 | D:5      | Found a broken altar of Ashenzari.
  5708 | D:5      | Found a basalt altar of Yredelemnul.
  5849 | D:5      | Reached XP level 9. HP: 43/43 MP: 6/17
  6074 | D:6      | Noticed Menkaure
  6078 | D:6      | Killed Menkaure
  6079 | D:6      | Reached skill level 9 in Conjurations
  6607 | D:6      | Found a radiant altar of Vehumet.
  6609 | D:6      | Found a shimmering altar of Xom.
  6615 | D:6      | Became a worshipper of Vehumet
  6676 | D:6      | Noticed Edmund
  6692 | D:6      | Killed Edmund
  6803 | D:6      | Noticed Dowan
  6804 | D:6      | Noticed Duvessa
  6810 | D:6      | Killed Duvessa
  6813 | D:6      | Killed Dowan
  6887 | D:6      | Found a shimmering blue altar of Sif Muna.
  7270 | D:7      | Found a white marble altar of Elyvilon.
  7512 | D:7      | Reached XP level 10. HP: 49/49 MP: 20/20
  7698 | D:8      | Identified the +5 lajatang "Ygryty" {venom, rF+}
  7892 | D:8      | Found a staircase to the Lair.
  7901 | D:8      | Noticed a fire crab
  8068 | D:8      | Reached * piety under Vehumet
  8068 | D:8      | Offered knowledge of Sandblast by Vehumet.
  8232 | D:8      | Reached skill level 5 in Hexes
  8250 | D:8      | Found a flagged portal.
  8264 | Bailey   | Entered a bailey
  8417 | Bailey   | Noticed an orc knight
  8425 | Bailey   | Killed an orc knight
  8600 | Bailey   | Identified the +0 crystal plate armour of Morality {rCorr}
  8609 | Bailey   | Identified the +4 pair of boots of Gozag's Displeasure
                  | {-Tele rCorr Dex+5}
  8814 | D:8      | Killed from afar by a fire crab

Illustrated notes

Levels and vault maps discovered:
D:1:      spicycebolla_arrival_transporter_tutorial, layout_loops_cross,
          serial_shops, nicolae_lakefront_shop
D:2:      kennysheep_the_goblin_king, layout_rooms,
          ebering_ecumenical_altar_petrified, uniq_sigmund, uniq_terence
D:3:      cheibrodos_helix_gallery, layout_loops_ring, serial_shops,
          nicolae_shop_trees, minmay_misc_feat_diagonals
D:4:      layout_cave_pools, mainiacjoe_overflow_catwalk,
          nicolae_overflow_crystal_walls
D:5:      layout_rooms, fedhas_altar_decomposition,
          mainiacjoe_overflow_brackets, mainiacjoe_overflow_two_lobes,
          kennysheep_nub, feat_on_display
D:6:      layout_basic, tgw_sif, chequers_temple_overflow_statue_of_worship,
          uniq_menkaure, uniq_duvessa, uniq_edmund, uniq_pikel
D:7:      layout_rooms, mainiacjoe_overflow_paths, minmay_temple_entry_slanted
D:8:      layout_gridville, mainiacjoe_overflow_24_doors,
          minmay_lair_entry_lava, enter_bailey_5, uniq_grum, uniq_erica
Temple:   hellmonk_temple_beads

Skill      XL: |  1  2  3  4  5  6  7  8  9 10 |
---------------+-------------------------------+-----
Fighting       | 1 2 3 4 |  4.3
Spellcasting   | 3 4 5 6 |  6.7
Conjurations   | 5 6 7 8 9 |  9.6
Hexes          | 2 3 4 5 |  5.4
Translocations | 2 3 |  3.9
Shields        | 2 3 |  3.9
Dodging        | 2 3 |  3.3
Stealth        | |  2.4

Action                     |  1- 3 |  4- 6 |  7- 9 | 10-12 || total
---------------------------+-------+-------+-------+-------++-------
  Melee: Unarmed           |     4 |       |       |       ||     4
         Short sword       |     5 |       |       |       ||     5
         Bite              |     1 |     7 |    38 |    47 ||    93
         Dagger            |       |    27 |   141 |   125 ||   293
         Punch             |       |       |     1 |       ||     1
   Cast: Magic Dart        |    59 |    52 |   117 |    50 ||   278
         Searing Ray       |     4 |    11 |    41 |     9 ||    65
         Fulminant Prism   |       |       |     7 |     5 ||    12
         Iskenderun's Myst |       |       |     1 |     1 ||     2
    Use: Scroll            |     2 |     6 |     9 |       ||    17
         Potion            |       |       |     1 |       ||     1
   Stab: Sleeping          |       |     1 |     2 |       ||     3
 Armour: Robe              |     1 |    10 |    29 |    25 ||    65
  Dodge: Dodged            |     8 |    23 |   109 |    50 ||   190
  Block: Buckler           |       |       |    18 |    40 ||    58

Table legend: (Time is in decaauts)
 A = Elapsed time spent in this place.
 B = Non-inter-level travel time spent in this place.
 C = Inter-level travel time spent in this place.
 D = Time resting spent in this place.
 E = Time spent auto-exploring this place.
 F = Levels seen in this place.
 G = Mean time per level.
                   A        B        C        D        E       F      G
               +--------+--------+--------+--------+--------+-----+--------+
         Total |   8731 |   8468 |    263 |    945 |   5942 |  10 |  873.1 |
       Dungeon |   8120 |   7870 |    250 |    938 |   5536 |   8 | 1015.0 |
        Temple |    160 |    147 |     13 |      0 |    140 |   1 |  160.0 |
        Bailey |    449 |    449 |      0 |      7 |    266 |   1 |  449.0 |
               +--------+--------+--------+--------+--------+-----+--------+

Top non-repeatable levels by time:
     D:6: 1765 daAuts
     D:1: 1349 daAuts
     D:5: 1020 daAuts
     D:3: 903 daAuts
     D:2: 871 daAuts
     D:7: 859 daAuts
     D:4: 707 daAuts
     D:8: 642 daAuts
  Bailey: 449 daAuts
  Temple: 160 daAuts
